 Dungeon Crawl Stone Soup version 0.29.1-13-g9f3cf754e1 (webtiles) character file.

Game seed: 16050443936491576147

7 javelincjr the Caller (level 1, -1/13 HPs)
             Began as a Demonspawn Summoner on Feb 2, 2023.
             Slain by a quokka (2 damage)
             ... on level 1 of the Dungeon.
             The game lasted 00:02:12 (417 turns).

javelincjr the Caller (Demonspawn Summoner)          Turns: 417, Time: 00:02:12

Health: -1/13      AC:  4    Str:  8    XL:     1   Next: 91%
Magic:  0/3        EV: 11    Int: 16    God:
Gold:   24         SH:  0    Dex: 13    Spells: 3/4 levels left

rFire   . . .      SeeInvis .   (no weapon)
rCold   . . .      Faith    .   (no shield)
rNeg    . . .      Spirit   +   h - +0 leather armour
rPois   .          Reflect  .   (no helmet)
rElec   .          Harm     .   (no cloak)
rCorr   .          Rampage  .   g - +0 pair of gloves
Will    .....                   (no boots)
Stlth   ++........              d - amulet of guardian spirit
HPRegen 0.04/turn               (no ring)
MPRegen 0.08/turn               (no ring)

@: no status effects
A: no striking features
a: no special abilities


You were on level 1 of the Dungeon.
You visited 1 branch of the dungeon, and saw 1 of its levels.

You collected 24 gold pieces.

Inventory:

Armour
 a - a +0 robe
 g - a +0 pair of gloves (worn)
 h - a +0 leather armour (worn)
Jewellery
 d - an amulet of guardian spirit (around neck)
Scrolls
 e - a scroll of butterflies {unknown}
 f - 2 scrolls of identify {unknown}
Potions
 b - a potion of magic
 c - a potion of mutation {unknown}
 i - 2 potions of attraction {unknown}
 j - a potion of invisibility {unknown}


   Skills:
 + Level 1.8 Dodging
 + Level 1.9 Stealth
 + Level 2.1 Spellcasting
 + Level 4.1 Summonings


You had 3 spell levels left.
You knew the following spells:

 Your Spells              Type           Power      Damage    Failure   Level
a - Summon Small Mammal   Summ           60%        N/A       5%          1

Your spell library contained the following spells:

 Spells                   Type           Power      Damage    Failure   Level
 Call Imp                 Summ           15%        N/A       9%          2
 Call Canine Familiar     Summ           15%        N/A       16%         3
 Summon Guardian Golem    Hex/Summ       8%         N/A       36%         3
 Summon Lightning Spire   Summ/Air       8%         N/A       77%         4


Dungeon Overview and Level Annotations

Branches:
Dungeon (1/15)

Altars:


Message History

The quokka bites your rat.
Your rat dies!
Your rat's corpse disappears in a puff of smoke!
You miscast Summon Small Mammal.
You are very lightly contaminated with residual magic.
Nothing appears to happen.
Your rat bites the quokka.
The quokka bites your rat but does no damage.
Your rat barely misses the quokka.
You are out of magic!
The quokka barely misses your rat.
Your rat bites the quokka but does no damage.
You swap places.
The quokka bites you.
You hit the quokka but do no damage.
The quokka is moderately wounded.
The quokka misses you.
Your rat closely misses the quokka.
The quokka bites you.
You hit the quokka but do no damage.
The quokka is moderately wounded.
The quokka bites you but does no damage.
Your rat closely misses the quokka.
You hit the quokka but do no damage.
The quokka is moderately wounded.
The quokka bites you.
Your rat closely misses the quokka.
You barely miss the quokka.
The quokka is moderately wounded.
The quokka bites you.
Your rat misses the quokka.
Your magical contamination has completely faded away.
You are too injured to fight recklessly!
You are too injured to fight recklessly!
You are too injured to fight recklessly!
You closely miss the quokka.
The quokka is moderately wounded.
The quokka closely misses you.
Your rat misses the quokka. The quokka attacks as you move away!
The quokka bites you.
* * * LOW HITPOINT WARNING * * *
Your rat barely misses the quokka.
The quokka barely misses you.
You closely miss the quokka. The quokka misses you.
Your rat closely misses the quokka.
You hit the quokka but do no damage. The quokka bites you.
You die...

.## #.##.#### .#
#.##.##.. .# .#
#.##.##.# ..# .#
#.##.##.# #..# .#
#.##.##.# ...## .#
#.#...#.# ......
.#
#...#...#####....#
.# ###...#....r..#
## ##.####.@r#.# #
#.# ##[## # #.#
#.# # #.# #.. #
#.# #.## # #.# #.#
#.# #.# ... ..#


You could see a quokka (ally target) and a friendly rat (summoned).

Vanquished Creatures
  A bat (D:1)
  A rat (D:1)
2 creatures vanquished.

Vanquished Creatures (collateral kills)
  An endoplasm (D:1)
  2 hobgoblins (D:1)
  A ball python (D:1)
  2 frilled lizards (D:1)
6 creatures vanquished.

Grand Total: 8 creatures vanquished

Notes
Turn   | Place    | Note
-------+----------+-------------------------------------------
     0 | D:1      | javelincjr the Demonspawn Summoner began the quest for the
                  | Orb.
     0 | D:1      | Reached XP level 1. HP: 13/13 MP: 3/3
   417 | D:1      | Slain by a quokka

Illustrated notes

Levels and vault maps discovered:
D:1:      nicolae_arrival_washed_ashore, layout_loops_ring, serial_shops, shop,
          nicolae_lakefront_shop, ebering_ecumenical_altar_webs,
          chequers_arboretum, minmay_tetromino_s2

Action                   || total
-------------------------++-------
Melee: Unarmed           ||    23
 Cast: Summon Small Mamm ||    20
 Stab: Distracted        ||     1
Armor: Robe              ||     1
       Leather armour    ||     1
Dodge: Dodged            ||    14
